 Dungeon Crawl Stone Soup version 0.31-a0-1570-g93c622d222 (webtiles) character file.

Game seed: 15384041523686451343

578152 inmateoo the Wrestler (level 25, -1/218 HPs)
             Began as a Demonspawn Fighter on Dec 31, 2023.
             Was the Champion of Makhleb.
             Killed from afar by an electric golem (29 damage)
             ... with a bolt of lightning
             ... on level 1 of the Realm of Zot on Jan 3, 2024.
             The game lasted 01:28:12 (66608 turns).

inmateoo the Wrestler (Demonspawn Fighter)         Turns: 66608, Time: 01:28:13

Health: -1/218     AC: 47    Str: 24    XL:     25   Next: 85%
Magic:  2/32       EV: 11    Int:  8    God:    Makhleb [******]
Gold:   2600       SH: 21    Dex: 16    Spells: 24/24 levels left

rFire   + +          .
                       - Unarmed
rCold   + + +        f - +1 tower shield {AC+3}
rNeg    + + .        J - +12 gold dragon scales
rPois   +            E - +2 helmet
rElec   .            F - scarf {rC+ rF+}
rCorr   +            D - +3 Mad Mage's Maulers {Infuse+∞ VampMP -Cast}
SInv    .            (boots unavailable)
Will    +++++        w - amulet of the Gloaming {RegenMP rN+ Regen+} Stlth
                     Y - ring "Eroyxear" {rC+ Will+ Slay+2}
HPRegen 1.36/turn    z - ring "Raokeruth" {rPois rN+ Will+++ rCorr Int-2}
MPRegen 0.63/turn

%: no spellcasting, clarity, infuse magic (2 MP)
@: studying 2 skills
A: hooves 3, rugged brown scales 3, demonic guardian 3, black mark, demonic
magic 1, bedeviling, aura of silence, clarity
}: 3/15 runes: decaying, serpentine, silver
a: Renounce Religion, Minor Destruction, Lesser Servant of Makhleb, Major
Destruction, Greater Servant of Makhleb


You were on level 1 of the Realm of Zot.
You worshipped Makhleb.
Makhleb was exalted by your worship.
You visited 11 branches of the dungeon, and saw 47 of its levels.
You visited 2 bazaars.
You also visited: Gauntlet, Ice Cave, Volcano and Wizlab.

You collected 7430 gold pieces.
You spent 4830 gold pieces at shops.

Inventory:

Missiles
 p - 5 throwing nets (quivered)
 I - 5 silver javelins
Armour
 f - a +1 tower shield of protection (worn)
 D - the +3 Mad Mage's Maulers (worn) {Infuse+∞ VampMP -Cast}
   (You bought it in a shop on level 1 of the Snake Pit)

   Infuse+∞: It empowers its wearer's blows with all of their magic.
   VampMP:    Blows struck in melee replenish the wearer's magic.
   -Cast:     It prevents spellcasting.
 E - a +2 helmet (worn)
 F - a scarf of resistance (worn)
 J - +12 gold dragon scales (worn)
Jewellery
 w - the amulet of the Gloaming (around neck) {RegenMP rN+ Regen+}
   (You took it off a skeletal warrior on level 2 of the Crypt)

   [amulet of magic regeneration]

   RegenMP:   It increases your rate of magic regeneration.
   rN+:       It protects you from negative energy.
   Regen+:    It increases your rate of health regeneration.
 x - the ring of Pomaet {rC+ Dex+5 Slay+3}
   (You found it on level 3 of the Depths)

   [ring of protection from cold]

   Dex+5:     It affects your dexterity (+5).
   Slay+3:    It affects your accuracy & damage with ranged weapons and melee
   (+3).
   rC+:       It protects you from cold.
 z - the ring "Raokeruth" (right hand) {rPois rN+ Will+++ rCorr Int-2}
   (You found it on level 3 of the Depths)

   [ring of poison resistance]

   Int-2:     It affects your intelligence (-2).
   rPois:     It protects you from poison rN+: It protects you from negative
   energy.
   Will+++:   It greatly increases your willpower.
   rCorr:     It protects you from acid and corrosion.
 H - a ring of see invisible
 Y - the ring "Eroyxear" (left hand) {rC+ Will+ Slay+2}
   (You found it in an ice cave)

   [ring of willpower]

   Slay+2:    It affects your accuracy & damage with ranged weapons and melee
   (+2).
   rC+:       It protects you from cold.
   Will+:     It increases your willpower.
Talismans
 U - the death talisman of Zoosunu Sise {rF+ rC+}
   (You found it on level 2 of the Elven Halls)

   [talisman of death]

   rF+:       It protects you from fire.
   rC+:       It protects you from cold.
Wands
 l - a wand of mindburst (58)
 n - a wand of charming (109)
 t - a wand of digging (45)
 v - a wand of iceblast (37)
 A - a wand of quicksilver (15)
 B - a wand of polymorph (32)
 K - a wand of flame (87)
Scrolls
 b - 3 scrolls of summoning
 m - 16 scrolls of teleportation
 o - 2 scrolls of poison
 q - 9 scrolls of fog
 r - 5 scrolls of blinking
 G - 5 scrolls of fear
 P - 32 scrolls of identify
 Q - 3 scrolls of immolation
 S - 2 scrolls of vulnerability
Potions
 a - 3 potions of enlightenment
 c - 10 potions of might
 d - 4 potions of brilliance
 e - 22 potions of curing
 g - 7 potions of cancellation
 h - 4 potions of heal wounds
 i - 5 potions of ambrosia
 j - a potion of attraction
 k - a potion of lignification
 s - 3 potions of magic
 u - 2 potions of berserk rage
 C - 3 potions of resistance
 L - 7 potions of invisibility
 N - 5 potions of haste
 O - 9 potions of mutation
Miscellaneous
 M - a condenser vane


   Skills:
 - Level 18.0 Fighting
 - Level 17.0 Armour
 - Level 16.0 Dodging
 - Level 16.0 Shields
 - Level 22.0 Unarmed Combat
 - Level 12.0 Invocations
 - Level 5.0 Evocations
 * Level 18.7 Shapeshifting


You had 24 spell levels left.
You didn't know any spells.
Your spell library contained the following spells:

 Spells                   Type           Power      Damage    Failure   Level
 Apportation              Tloc           0%         N/A       100%        1
 Kiss of Death            Conj/Necr      0%         2d5       100%        1
 Shock                    Conj/Air       0%         1d3       100%        1
 Sting                    Conj/Alch      0%         1d3       100%        1
 Summon Small Mammal      Summ           0%         N/A       100%        1
 Cigotuvi's Dreadful Rot  Necr/Alch/Air  0%         N/A       100%        2
 Ensorcelled Hibernation  Hex/Ice        0%         N/A       100%        2
 Jinxbite                 Hex            0%         N/A       100%        2
 Lesser Beckoning         Tloc           0%         N/A       100%        2
 Mercury Vapours          Alch/Air       0%         N/A       100%        2
 Static Discharge         Conj/Air       0%         3-3/arc   100%        2
 Call Canine Familiar     Summ           0%         N/A       100%        3
 Dazzling Flash           Conj/Hex       0%         N/A       100%        3
 Frozen Ramparts          Ice            0%         1d1       100%        3
 Fugue of the Fallen      Necr           0%         N/A       100%        3
 Gell's Gravitas          Tloc           0%         N/A       100%        3
 Hailstorm                Conj/Ice       0%         3d5       100%        3
 Mephitic Cloud           Conj/Alch/Air  0%         N/A       100%        3
 Ozocubu's Armour         Ice            0%         N/A       100%        3
 Passwall                 Erth           0%         N/A       100%        3
 Sigil of Binding         Hex            0%         N/A       100%        3
 Summon Ice Beast         Ice/Summ       0%         N/A       100%        3
 Swiftness                Air            0%         N/A       100%        3
 Teleport Other           Tloc           0%         N/A       100%        3
 Vampiric Draining        Necr           0%         2d6       100%        3
 Volatile Blastmotes      Fire/Tloc      0%         2d10      100%        3
 Airstrike                Air            0%         2d(0-16)  100%        4
 Animate Armour           Summ/Erth      0%         N/A       100%        4
 Animate Dead             Necr           0%         N/A       100%        4
 Brom's Barrelling Bould  Conj/Erth      0%         2d3       100%        4
 Dimensional Bullseye     Hex/Tloc       0%         N/A       100%        4
 Dispel Undead            Necr           0%         3d6       100%        4
 Fulminant Prism          Conj/Alch      0%         3d5       100%        4
 Ignite Poison            Fire/Alch      0%         N/A       100%        4
 Iskenderun's Mystic Bla  Conj/Tloc      0%         2d3       100%        4
 Leda's Liquefaction      Alch/Erth      0%         N/A       100%        4
 Olgreb's Toxic Radiance  Alch           0%         N/A       100%        4
 Petrify                  Alch/Erth      0%         N/A       100%        4
 Summon Blazeheart Golem  Fire/Summ      0%         N/A       100%        4
 Vhi's Electric Charge    Tloc/Air       0%         N/A       100%        4
 Alistair's Intoxication  Alch           0%         N/A       100%        5
 Arcjolt                  Conj/Air       0%         1d10      100%        5
 Curse of Agony           Necr           0%         N/A       100%        5
 Fireball                 Conj/Fire      0%         3d3       100%        5
 Freezing Cloud           Conj/Ice/Air   0%         6-21      100%        5
 Iskenderun's Battlesphe  Conj           0%         2d6       100%        5
 Lee's Rapid Deconstruct  Erth           0%         3d4*      100%        5
 Metabolic Englaciation   Hex/Ice        0%         N/A       100%        5
 Summon Forest            Summ/Tloc      0%         N/A       100%        5
 Summon Mana Viper        Hex/Summ       0%         N/A       100%        5
 Yara's Violent Unravell  Hex/Alch       0%         3d3       100%        5
 Bombard                  Conj/Erth      0%         9d1       100%        6
 Conjure Ball Lightning   Conj/Air       0%         3x3d6     100%        6
 Dispersal                Tloc           0%         N/A       100%        6
 Plasma Beam              Fire/Air       0%         2x1d10    100%        6
 Sculpt Simulacrum        Ice/Alch       0%         N/A       100%        6
 Starburst                Conj/Fire      0%         6d3       100%        6
 Summon Cactus Giant      Summ           0%         N/A       100%        6
 Enfeeble                 Hex            0%         N/A       100%        7
 Haunt                    Necr/Summ      0%         N/A       100%        7
 Orb of Destruction       Conj           0%         9d5       100%        7
 Ozocubu's Refrigeration  Ice            0%         4d7       100%        7
 Spellforged Servitor     Conj/Summ      0%         N/A       100%        7
 Borgnjor's Revivificati  Necr           0%         N/A       100%        8
 Discord                  Hex            0%         N/A       100%        8
 Disjunction              Tloc           0%         N/A       100%        8
 Infestation              Necr           0%         N/A       100%        8
 Maxwell's Capacitive Co  Air            0%         ∞         100%        8
 Summon Horrible Things   Summ           0%         N/A       100%        8
 Death's Door             Necr           0%         N/A       100%        9
 Fire Storm               Conj/Fire      0%         5d1       100%        9
 Polar Vortex             Ice            0%         N/A       100%        9


Dungeon Overview and Level Annotations

Branches:
Dungeon (15/15)            Temple (1/1) D:6            Lair (5/5) D:11
  Swamp (4/4) Lair:3        Snake (4/4) Lair:3        Slime (0/5) Lair:5
    Orc (2/2) D:9             Elf (3/3) Orc:2        Vaults (5/5) D:13
  Crypt (3/3) Vaults:3       Tomb (0/3) Crypt:3      Depths (4/4) D:15
    Zot (1/5) Depths:4      IceCv (visited)         Volcano (visited)
 WizLab (visited)         Gauntlet (visited)

Altars:
Ashenzari
Cheibriados
Dithmenos
Fedhas
Gozag
Hepliaklqana
Kikubaaqudgha
Makhleb
Nemelex Xobeh
Okawaru
Qazlal
Ru
Sif Muna
Trog
Uskayaw
Vehumet
Wu Jian
Xom
Yredelemnul
Jiyva

Shops:
D:1 (   D:6 *   Orc:2 :(*[   Elf:1 ?   Elf:3 [   Snake:1 ?[(   Snake:2 ?
Snake:3 :*   Vaults:1 !   Vaults:3 (   Vaults:4 ?   Depths:2 :=:   Depths:3 ?

Portals:
Hell: Depths:1 Depths:2 Depths:3 Depths:4
Abyss: Depths:1 Depths:3 Depths:4
Pandemonium: Depths:2
Ziggurat: Depths:4

Annotations:
D:8 2 transporters, gohu's ghost, novice HOFi
Depths:3 1 runed translucent door


Innate Abilities, Weirdness & Mutations

You have hooves in place of feet.
You are completely covered in rugged brown scales. (AC +3, +7% HP)
A powerful demonic guardian rushes to your aid.
Your melee attacks may debilitate your foes.
Spells you cast may paralyse adjacent enemies.
Your hexes are more powerful.
You are surrounded by an aura of silence.
You possess an exceptional clarity of mind.


Message History

You hear a chilling moan.
You pulverise the death cob!!!
You destroy the death cob!
Makhleb accepts your kill.
You feel better.
The electric golem hurls lightning at you.
The bolt of lightning hits you!!
You are too injured to fight recklessly!
You are too injured to fight recklessly!
An electric golem is nearby!
The electric golem hits you but does no damage.
You block the electric golem's attack. x3
You closely miss the electric golem.
You kick the electric golem, but do no damage.
The electric golem is moderately damaged.
The electric golem hurls lightning at you.
The bolt of lightning hits you!!! The bolt of lightning hits you!!
* * * LOW HITPOINT WARNING * * *
The bolt of lightning misses the electric golem.
You hear a deafening roar!
You miss the electric golem. Your kick misses the electric golem.
The electric golem is moderately damaged.
The electric golem hurls lightning at you.
The bolt of lightning hits you!
* * * LOW HITPOINT WARNING * * *
A demonic guardian appears!
The bolt of lightning hits you!
* * * LOW HITPOINT WARNING * * *
The bolt of lightning hits the electric golem.
The electric golem completely resists.
The electric golem hits your Hell Sentinel but does no damage. x4
You strike the helpless electric golem from behind!
You punch the electric golem! You kick the electric golem!
The electric golem is heavily damaged.
You block the electric golem's attack.
The electric golem hits you but does no damage. x2
You block the electric golem's attack.
Unknown command.
The electric golem hurls lightning at you.
The bolt of lightning hits you!!
You die...

.
##..............
#......##+##....
##.##### ###
##..# #..# ##..#
##...# ##..1[##
##..9@[.##
##)).#....##
#.).##.....#
#.)###..#..# #.9
....### #..
#.!.#.. ...
#...##.# ..9.
#.... .# .##..
#.... .


You could see an electric golem (unsilenced, ally target) and a friendly Hell
Sentinel (summoned, unsilenced).

Vanquished Creatures
  A dread lich (Crypt:3)
  2 ancient liches (Vaults:4)
  Bai Suzhen (Swamp:3)
  Vashnia (Snake:2)
  A caustic shrike (Depths:3)
  4 golden dragons
  A bone dragon (Crypt:3)
  An electric golem (Zot:1)
  8 tentacled monstrosities
  A walking earthen tome (Depths:4)
  2 deep elf blademasters (Elf:3)
  6 liches
  5 titans
  2 quicksilver dragons
  2 deep elf master archers (Elf:3)
  3 walking divine tomes (Depths:3)
  2 walking frostbound tomes
  5 ancient champions
  4 sphinxes (Vaults:4)
  A death cob (Zot:1)
  6 tengu reavers
  Gastronok (Lair:2)
  5 shadow dragons
  9 storm dragons
  A revenant (Crypt:1)
  8 nagarajas
  A strange machine (WizLab)
  11 fire giants
  4 deep elf sorcerers
  2 iron dragons
  A draconian knight (IceCv)
  10 frost giants
  Louise (Depths:1)
  An emperor scorpion (D:14)
  26 vault wardens
  A juggernaut zombie (Crypt:2)
  26 ironbound preservers
  A draconian annihilator (Zot:1)
  2 orc warlords
  A draconian stormcaller (Depths:4)
  A caustic shrike zombie (Depths:1)
  A curse skull (Crypt:1)
  A reaper (Crypt:2)
  4 deep elf elementalists (Elf:3)
  2 ghouls (Crypt:2)
  A spriggan defender (Depths:4)
  8 ironbound thunderhulks
  30 very ugly things
  4 formless jellyfish
  13 stone giants
  3 black draconians (Depths:4)
  3 green draconians
  8 vampire knights
  4 bunyips
  9 deep elf death magi
  7 deep elf demonologists
  7 war gargoyles
  3 spark wasps (Depths:4)
  7 deep elf annihilators
  17 dire elephants
  4 eleionomae
  2 yellow draconians
  A purple draconian (Depths:4)
  6 white draconians
  3 eidola (Crypt:2)
  A minotaur (Gauntlet)
  10 ettins
  3 crystal guardians (Crypt:3)
  14 jiangshi
  10 fire dragons
  A mummy priest (Crypt:2)
  Josephine (D:12)
  3 deep elf high priests
  10 ice dragons
  A quicksilver dragon skeleton (Depths:3)
  A shambling mangrove (Swamp:4)
  An entropy weaver (Vaults:1)
  2 salamander tyrants (Snake:4)
  15 yaktaur captains
  A caustic shrike simulacrum (Depths:3)
  8 great orbs of eyes
  2 peacekeepers
  3 ghost crabs
  6 boulder beetles
  A sphinx zombie (Crypt:1)
  14 anacondas
  26 vault guards
  8 rakshasas
  18 hydras
  4 alligators
  15 centaur warriors
  5 spriggan air magi
  4 catoblepae
  A two-headed ogre (shapeshifter) (Vaults:4)
  2 two-headed ogres
  13 naga warriors
  45 dancing weapons
  11 ironbound frosthearts
  A torpor snail (shapeshifter) (Depths:3)
  10 tengu warriors
  18 death yaks
  6 occultists
  9 deep troll shamans
  2 spriggan berserkers
  A spectral dire elephant (Lair:5)
  13 vampire magi
  5 deep troll earth magi
  6 orc high priests
  A titan zombie (Crypt:3)
  3 shock serpents
  12 hell knights
  16 naga sharpshooters
  13 deep elf knights
  2 skysharks (shapeshifter) (Depths:2)
  Amaemon (Lair:3)
  A spark wasp zombie (Depths:3)
  3 salamander mystics
  2 skysharks
  3 sun demons
  A titan skeleton (Crypt:3)
  4 shadow wraiths (Crypt:2)
  4 goliath frogs
  6 iron trolls
  A spectral death yak (Lair:5)
  31 skeletal warriors
  An iron giant zombie (Crypt:3)
  2 glowing orange brains
  A storm dragon skeleton (Depths:3)
  A spectral anaconda (Lair:5)
  2 spriggan simulacra (Snake:4)
  3 shadow demons (Crypt:2)
  A deep troll (shapeshifter) (Vaults:5)
  83 deep trolls
  2 spriggan druids
  8 lindwurms
  6 swamp dragons
  A golden dragon zombie (Crypt:3)
  2 orange crystal statues
  3 flayed ghosts
  18 ironbound convokers
  10 harpies
  An obsidian statue (Lair:5)
  9 phantasmal warriors
  3 bog bodies
  9 naga ritualists
  31 deep elf pyromancers
  21 deep elf archers
  19 necromancers
  8 arcanists
  12 mana vipers
  A wolf spider zombie (D:15)
  A steelbarb worm (shapeshifter) (Elf:3)
  30 deep elf zephyrmancers
  8 orc knights
  27 ugly things
  7 will-o-the-wisps
  A mana viper (shapeshifter) (Depths:2)
  A stone giant zombie (Crypt:3)
  2 orc sorcerers (Orc:2)
  A shining eye (shapeshifter) (Depths:3)
  21 salamanders
  2 fire giant zombies (Depths:1)
  9 cyclopes
  7 manticores
  4 meliai
  4 centaur zombies
  7 guardian serpents
  2 fire giant skeletons (Depths:1)
  4 large abominations (Elf:1)
  16 elephants
  6 moths of wrath
  2 molten gargoyles (Volcano)
  22 naga magi
  A naga zombie (Crypt:1)
  A stone giant skeleton (Crypt:3)
  A titan simulacrum (Crypt:1)
  17 vault sentinels
  An orange demon (Lair:3)
  37 black mambas
  4 kobold blastminers
  A death yak zombie (Crypt:2)
  A torpor snail (Lair:2)
  13 cane toads
  5 kobold demonologists
  An unseen horror (D:12)
  A black draconian zombie (Crypt:1)
  64 yaktaurs
  5 rime drakes
  A harpy zombie (Crypt:3)
  An efreet (D:15)
  9 komodo dragons
  3 freezing wraiths
  4 golden dragon simulacra (IceCv)
  3 tengu conjurers
  A death yak skeleton (Crypt:2)
  A komodo dragon (shapeshifter) (Depths:3)
  2 hornets (shapeshifter)
  6 trolls
  8 hornets
  6 tyrant leeches
  6 polar bears
  A glass eye (Depths:2)
  A hydra skeleton (Crypt:3)
  34 blink frogs
  A spectral elephant (Lair:5)
  8 dream sheep
  A guardian serpent skeleton (Crypt:1)
  A human simulacrum (Vaults:3)
  An elf skeleton (Vaults:3)
  9 spriggans
  3 jumping spiders (shapeshifter)
  30 slime creatures
  An ettin zombie (Crypt:2)
  A fire dragon skeleton (Crypt:1)
  7 air elementals
  2 dire elephant simulacra (Snake:4)
  10 water elementals
  2 shadows
  An ettin skeleton (Vaults:3)
  4 vampires
  52 yaks
  A culicivora (Vaults:1)
  3 spriggan skeletons
  6 wraiths
  4 wargs
  3 fire bats (Volcano)
  4 basilisks
  22 vampire mosquitoes
  3 fire elementals
  5 redbacks
  A yaktaur simulacrum (Vaults:3)
  A death yak simulacrum (Lair:5)
  A steam dragon (D:9)
  2 minotaur simulacra (Snake:4)
  A spectral cane toad (Lair:5)
  A swamp worm (shapeshifter) (Vaults:4)
  14 water moccasins
  2 harpy simulacra
  7 swamp worms
  60 nagas
  3 acid dragons
  A glowing shapeshifter skeleton (Crypt:2)
  A hell hound (Volcano)
  8 swamp drakes
  24 orc warriors
  9 ice dragon simulacra (IceCv)
  A black bear (D:5)
  4 elephant zombies
  3 ice beasts
  19 laughing skulls (Crypt:3)
  2 sky beasts
  6 ogres
  7 wolves
  7 boggarts
  12 centaurs
  4 elephant skeletons
  A torpor snail zombie (Crypt:2)
  A kobold brigand (D:8)
  A phantom (D:5)
  2 elf zombies (Elf:1)
  5 earth elementals
  23 bullfrogs
  A deep troll simulacrum (Snake:4)
  A cane toad simulacrum (Lair:5)
  6 necrophages (Crypt:3)
  2 scorpions
  2 human skeletons
  16 wights
  A water moccasin skeleton (Crypt:1)
  8 lindwurm simulacra (IceCv)
  11 killer bees
  An elephant simulacrum (Lair:5)
  A wolf zombie (Crypt:1)
  8 howler monkeys
  2 wolf skeletons
  2 bombardier beetles
  5 lava snakes (Volcano)
  11 jellies
  3 hounds
  12 orc priests
  3 iguanas
  An iron imp (D:14)
  Jessica (D:2)
  2 sleepcaps
  17 orc wizards
  4 hell rats (Lair:1)
  2 adders
  9 gnolls
  2 shadow imps
  A swamp drake skeleton (Crypt:1)
  2 white imps
  4 ufetubi
  2 lava snake skeletons (Crypt:1)
  5 dart slugs
  2 ribbon worms
  86 orcs
  13 endoplasms
  2 giant cockroaches
  8 goblins
  4 hobgoblins
  11 kobolds
  4 quokkas
  6 ball pythons
  6 bats
  A frilled lizard (D:1)
  A goblin zombie (Crypt:1)
  4 rats
2152 creatures vanquished.

Vanquished Creatures (collateral kills)
  A thorn hunter (Swamp:1)
  A frost giant (Depths:2)
  A balrug (Depths:1)
  A vault warden (Vaults:4)
  An ironbound preserver (Vaults:2)
  A dire elephant (Vaults:1)
  A black draconian (Zot:1)
  An entropy weaver (Vaults:4)
  6 vault guards
  A hydra (Swamp:4)
  A centaur warrior (D:15)
  2 death yaks
  A deep troll earth mage (Depths:2)
  A hell knight (Depths:1)
  A salamander mystic (Snake:3)
  A bog body (Swamp:1)
  A swamp dragon (Swamp:4)
  2 deep trolls (Vaults:5)
  An orc knight (Orc:2)
  A naga ritualist (Snake:4)
  2 lindwurms
  An ironbound convoker (Vaults:3)
  A deep elf archer (Elf:3)
  A fire giant zombie (Depths:1)
  2 ugly things
  An elephant (Lair:4)
  A centaur zombie (D:15)
  A guardian serpent (Snake:2)
  2 black mambas (Snake:4)
  2 kobold blastminers (Orc:2)
  A vault sentinel (Vaults:3)
  A cane toad (Lair:2)
  2 yaktaurs (Vaults:3)
  2 dancing weapons (WizLab)
  A tyrant leech (Swamp:4)
  A blink frog (Lair:5)
  A spriggan zombie (Depths:1)
  2 vampires (Vaults:3)
  A warg (Orc:2)
  A swamp worm (Swamp:4)
  A swamp drake (Swamp:4)
  2 orc warriors
  2 ogres
  A bullfrog (Lair:2)
  A gnoll sergeant (D:9)
  2 orc priests
  An orc wizard (D:6)
  5 orcs
69 creatures vanquished.

Vanquished Creatures (others)
  A shadow dragon (Depths:4)
  A stone giant (Vaults:5)
  An alligator (Swamp:4)
  A spriggan (Swamp:3)
  An occultist (Depths:3)
  2 goliath frogs (Swamp:2)
  An ugly thing (Gauntlet)
  A black mamba (Snake:4)
  2 bloated husks (Swamp:1)
  A hornet (Swamp:3)
  A slime creature (D:8)
  A human (Depths:2)
  A yak (D:8)
  An orc warrior (D:9)
  A swamp drake (Swamp:4)
  A bullfrog (D:8)
  A scorpion (D:5)
  An electric eel (shapeshifter) (Vaults:5)
  A jelly (D:8)
  2 orc wizards
  An orc (D:9)
  A butterfly (Depths:3)
  51 foxfires
76 creatures vanquished.

Grand Total: 2297 creatures vanquished

Notes
Turn   | Place    | Note
-------+----------+-------------------------------------------
     0 | D:1      | inmateoo the Demonspawn Fighter began the quest for the
                  | Orb.
     0 | D:1      | Reached XP level 1. HP: 18/18 MP: 1/1
    75 | D:1      | Found Xedemi's Weapon Boutique.
    86 | D:1      | Reached skill level 2 in Unarmed Combat
   219 | D:1      | Gained mutation: You are partially covered in rugged brown
                  | scales. (AC +1, +3% HP) [demonic ancestry]
   219 | D:1      | Reached XP level 2. HP: 15/24 MP: 2/2
  1056 | D:2      | Reached XP level 3. HP: 18/29 MP: 3/3
  1189 | D:2      | Found the brooch of Shielding {Spirit SH+8}
  1225 | D:2      | Noticed Jessica
  1231 | D:2      | Reached skill level 1 in Dodging
  1241 | D:2      | Killed Jessica
  1242 | D:2      | Reached XP level 4. HP: 15/36 MP: 2/4
  1549 | D:2      | Reached skill level 3 in Unarmed Combat
  1831 | D:3      | Found a hide-covered altar of Uskayaw.
  1831 | D:3      | Found a sacrificial altar of Ru.
  2367 | D:3      | Gained mutation: A weak demonic guardian rushes to your
                  | aid. [demonic ancestry]
  2367 | D:3      | Reached XP level 5. HP: 32/42 MP: 5/5
  3011 | D:4      | Reached XP level 6. HP: 46/49 MP: 6/6
  3443 | D:4      | Found the amulet of Elemental Vulnerability {rPois rF--
                  | rC-- AC+8}
  3451 | D:4      | Identified the ring of Zeggioca {AC+4 Str+3}
  3505 | D:4      | Reached skill level 4 in Unarmed Combat
  3739 | D:5      | Entered Level 5 of the Dungeon
  3844 | D:4      | Reached XP level 7. HP: 42/55 MP: 4/7
  4342 | D:5      | Reached skill level 5 in Unarmed Combat
  4366 | D:5      | Identified the +1 spear "Riduvas" {drain, rElec}
  4703 | D:6      | Gained mutation: Spells you cast may paralyse adjacent
                  | enemies. [demonic ancestry]
  4703 | D:6      | Reached XP level 8. HP: 58/62 MP: 8/8
  4758 | D:6      | Reached skill level 5 in Fighting
  4789 | D:6      | Found a staircase to the Ecumenical Temple.
  4846 | Temple   | Entered the Ecumenical Temple
  4892 | Temple   | Became a worshipper of Makhleb the Destroyer
  5290 | D:6      | Reached skill level 6 in Unarmed Combat
  5539 | D:6      | Found Tiruegh's Assorted Antiques.
  5554 | D:6      | Bought a bubbling cyan potion for 18 gold pieces
  5554 | D:6      | Bought a coppery potion for 18 gold pieces
  5554 | D:6      | Bought a potion of curing for 63 gold pieces
  5554 | D:6      | Bought a ruby potion for 18 gold pieces
  5729 | D:7      | Reached skill level 5 in Armour
  5733 | D:7      | Reached skill level 5 in Shields
  5791 | D:7      | Reached XP level 9. HP: 43/71 MP: 7/9
  5922 | D:7      | Reached * piety under Makhleb
  6147 | D:7      | Reached skill level 7 in Unarmed Combat
  7018 | D:8      | Found a transporter.
  7043 | D:8      | Noticed an efreet
  7174 | D:8      | Noticed gohu's ghost (novice HOFi)
  7351 | D:8      | Reached skill level 1 in Invocations
  7618 | D:8      | Found a transporter.
  7840 | D:7      | Gained mutation: You are mostly covered in rugged brown
                  | scales. (AC +2, +5% HP) [demonic ancestry]
  7840 | D:7      | Reached XP level 10. HP: 68/80 MP: 11/11
  7882 | D:7      | Reached skill level 5 in Dodging
  7901 | D:7      | Reached skill level 8 in Unarmed Combat
  7941 | D:8      | Reached ** piety under Makhleb
  8013 | D:8      | Noticed a two-headed ogre
  8027 | D:8      | Killed a two-headed ogre
  9409 | D:9      | Found a staircase to the Orcish Mines.
  9650 | D:9      | Reached *** piety under Makhleb
 10228 | D:9      | Found a snail-covered altar of Cheibriados.
 10228 | D:9      | Found a shimmering altar of Xom.
 10369 | D:10     | Entered Level 10 of the Dungeon
 10503 | D:10     | Reached skill level 9 in Unarmed Combat
 11001 | D:10     | Noticed a two-headed ogre
 11010 | D:10     | Killed a two-headed ogre
 11011 | D:10     | Reached XP level 11. HP: 71/88 MP: 9/14
 11260 | D:11     | Found a staircase to the Lair.
 11293 | D:11     | Reached skill level 5 in Invocations
 11340 | D:11     | Reached **** piety under Makhleb
 11362 | D:11     | Found a gate leading to a gauntlet.
 11371 | Gauntlet | Entered a Gauntlet
 11371 | Gauntlet | Found a transporter.
 11372 | Gauntlet | Found a large runed translucent door.
 11373 | Gauntlet | Found a large runed translucent door.
 11374 | Gauntlet | Found a large runed translucent door.
 11374 | Gauntlet | Found a large runed translucent door.
 11374 | Gauntlet | Found a runed translucent door.
 11375 | Gauntlet | Found a large runed translucent door.
 11376 | Gauntlet | Found a large runed translucent door.
 11377 | Gauntlet | Found a large runed translucent door.
 11377 | Gauntlet | Found a large runed translucent door.
 11378 | Gauntlet | Found a runed translucent gate.
 11378 | Gauntlet | Found a runed translucent gate.
 11380 | Gauntlet | Found a transporter.
 11388 | Gauntlet | Found a runed translucent gate.
 11388 | Gauntlet | Found a runed translucent door.
 11389 | Gauntlet | Found a large runed translucent door.
 11389 | Gauntlet | Found a large runed translucent door.
 11390 | Gauntlet | Found a large runed translucent door.
 11391 | Gauntlet | Found a large runed translucent door.
 11395 | Gauntlet | Found a transporter.
 11399 | Gauntlet | Noticed a green ugly thing
 11400 | Gauntlet | Found a transporter.
 11402 | Gauntlet | Noticed a great orb of eyes
 11403 | Gauntlet | Noticed a cyan ugly thing
 11425 | Gauntlet | Found a transporter.
 11434 | Gauntlet | Found a transporter.
 11446 | Gauntlet | Found a transporter.
 11446 | Gauntlet | Noticed an orange crystal statue
 11456 | Gauntlet | Noticed a white ugly thing
 11457 | Gauntlet | Noticed a great orb of eyes
 11458 | Gauntlet | Found a transporter.
 11459 | Gauntlet | Noticed a cyan ugly thing
 11470 | Gauntlet | Found a transporter.
 11476 | Gauntlet | Found a transporter.
 11476 | Gauntlet | Found a transporter.
 11489 | Gauntlet | Noticed a catoblepas
 11491 | Gauntlet | Found a transporter.
 11510 | Gauntlet | Found a transporter.
 11527 | Gauntlet | Found a transporter.
 11545 | Gauntlet | Noticed an arcanist
 11568 | Gauntlet | Found a large runed translucent door.
 11568 | Gauntlet | Found a large runed translucent door.
 11569 | Gauntlet | Found a large runed translucent door.
 11570 | Gauntlet | Found a large runed translucent door.
 11572 | Gauntlet | Found a transporter.
 11572 | Gauntlet | Found a transporter.
 11650 | Gauntlet | Found a transporter.
 11771 | Gauntlet | Killed an arcanist
 11776 | Gauntlet | Found a transporter.
 12003 | Gauntlet | Killed a great orb of eyes
 12057 | Gauntlet | Killed a green ugly thing
 12058 | Gauntlet | Reached skill level 1 in Shapeshifting
 12074 | Gauntlet | Identified the +1 cloak of Weightlessness {+Blink}
 12131 | Gauntlet | Identified the +9 war axe of Boczeip {freeze, rPois rF++}
 12131 | Gauntlet | Noticed a minotaur
 12140 | Gauntlet | Killed a minotaur
 12189 | Gauntlet | Got the Vellum of the Peculiar Violins
 12193 | Gauntlet | Identified the +7 rapier of Untruth {freeze, rPois rF+
                  | Will+}
 12193 | Gauntlet | Identified the +0 scale mail "Nuvehoh" {rPois Regen+ SInv}
 12831 | D:11     | Reached skill level 10 in Unarmed Combat
 12889 | D:12     | Noticed a six-headed hydra
 12938 | D:12     | Killed a six-headed hydra
 12980 | D:12     | Noticed Josephine
 13007 | D:12     | Killed Josephine
 13010 | D:12     | Gained mutation: You have large cloven feet. [demonic
                  | ancestry]
 13010 | D:12     | Reached XP level 12. HP: 45/98 MP: 9/16
 13889 | D:13     | Noticed a catoblepas
 13944 | D:13     | Killed a catoblepas
 14242 | D:13     | Noticed a centaur warrior
 14294 | D:13     | Found a bloodstained altar of Trog.
 14335 | D:13     | Noticed a tengu warrior
 14345 | D:13     | Killed a tengu warrior
 14603 | D:13     | Noticed a boulder beetle
 14633 | D:13     | Killed a boulder beetle
 14681 | D:13     | Noticed a centaur warrior
 14695 | D:13     | Killed a centaur warrior
 14761 | D:13     | Noticed an ironbound preserver
 14799 | D:13     | Killed an ironbound preserver
 14800 | D:13     | Reached skill level 11 in Unarmed Combat
 14813 | D:13     | Noticed a centaur warrior
 14821 | D:13     | Killed a centaur warrior
 14958 | D:13     | Killed a centaur warrior
 15023 | D:13     | Found a gate to the Vaults.
 15279 | D:13     | Found a large runed translucent door.
 15280 | D:13     | Found a large runed translucent door.
 15311 | D:13     | Reached ***** piety under Makhleb
 15320 | D:13     | Gained mutation: You have hoof-like feet. [demonic
                  | ancestry]
 15320 | D:13     | Reached XP level 13. HP: 106/106 MP: 19/19
 15785 | D:14     | Found an iron altar of Okawaru.
 15817 | D:14     | Found a snail-covered altar of Cheibriados.
 16478 | D:15     | Entered Level 15 of the Dungeon
 16558 | D:15     | Reached skill level 12 in Unarmed Combat
 16714 | D:15     | Reached skill level 10 in Fighting
 16973 | D:15     | Reached skill level 5 in Shapeshifting
 17338 | D:14     | Reached XP level 14. HP: 114/115 MP: 18/20
 17920 | D:15     | Found a sparkling altar of Nemelex Xobeh.
 18025 | D:15     | Found a staircase to the Depths.
 18034 | D:15     | Noticed an emperor scorpion
 18062 | D:14     | Killed an emperor scorpion
 18416 | Lair:1   | Entered Level 1 of the Lair of Beasts
 19731 | Lair:2   | Reached skill level 13 in Unarmed Combat
 19800 | Lair:2   | Reached ****** piety under Makhleb
 19819 | Lair:2   | Identified the +2 leather armour "Ritem" {Rampage rC- rN++
                  | rCorr}
 19925 | Lair:2   | Noticed Gastronok
 19939 | Lair:2   | Killed Gastronok
 20241 | Lair:2   | Reached skill level 10 in Armour
 20859 | Lair:3   | Found a staircase to the Swamp.
 20881 | Lair:3   | Noticed Amaemon
 20886 | Lair:3   | Noticed a cacodemon
 20888 | Lair:3   | Gained mutation: You occasionally lose the ability to drink
                  | potions when taking damage. [a cacodemon]
 20891 | Lair:3   | Found a dark tunnel.
 20905 | Volcano  | Entered a volcano
 21114 | Volcano  | Found a burning altar of Makhleb.
 21616 | Lair:3   | Reached skill level 10 in Shields
 21616 | Lair:3   | Gained mutation: A demonic guardian rushes to your aid.
                  | [demonic ancestry]
 21616 | Lair:3   | Reached XP level 15. HP: 123/123 MP: 19/21
 21616 | Lair:3   | Gained mutation: You have hooves in place of feet. [demonic
                  | ancestry]
 21616 | Lair:3   | Reached XP level 16. HP: 131/131 MP: 19/22
 21706 | Lair:3   | Killed Amaemon
 21843 | Lair:3   | Reached skill level 14 in Unarmed Combat
 22246 | Lair:3   | Found a staircase to the Snake Pit.
 22251 | Lair:3   | Reached skill level 10 in Dodging
 23774 | Lair:5   | Entered Level 5 of the Lair of Beasts
 23941 | Lair:5   | Noticed Sonja
 23954 | Lair:5   | Sonja changed into Sonja the meliai
 23954 | Lair:5   | Noticed Sonja
 23958 | Lair:5   | Killed Sonja the meliai
 24097 | Lair:5   | Identified the +0 pair of gloves of Onogekla {SInv}
 24181 | Lair:5   | Found a viscous altar of Jiyva.
 24181 | Lair:5   | Found a staircase to the Slime Pits.
 26019 | Lair:5   | Reached skill level 15 in Unarmed Combat
 26032 | Lair:5   | Identified the +8 quarterstaff of Integrity {holy, *Rage
                  | rCorr SInv}
 26267 | Orc:1    | Entered Level 1 of the Orcish Mines
 26651 | Orc:2    | Entered Level 2 of the Orcish Mines
 26684 | Orc:2    | Gained mutation: Your hexes are more powerful. [demonic
                  | ancestry]
 26684 | Orc:2    | Reached XP level 17. HP: 119/140 MP: 18/23
 26734 | Orc:2    | Found Caidu's General Store.
 26855 | Orc:2    | Found Zobroar's Book Boutique.
 26964 | Orc:2    | Found Nuffarr's Antique Armour Emporium.
 27009 | Orc:2    | Found a staircase to the Elven Halls.
 27085 | Orc:2    | Found Ysibuy's Antique Weapon Emporium.
 27445 | Snake:1  | Entered Level 1 of the Snake Pit
 28156 | Snake:1  | Found Kopra's Antique Weapon Boutique.
 28160 | Snake:1  | Found Cifugec's Armour Boutique.
 28168 | Snake:1  | Bought the +3 Mad Mage's Maulers {Infuse+∞ VampMP -Cast}
                  | for 560 gold pieces
 28168 | Snake:1  | Found the +3 Mad Mage's Maulers {Infuse+∞ VampMP -Cast}
 28168 | Snake:1  | Bought +2 gold dragon scales for 1288 gold pieces
 28774 | Snake:1  | Found Teru's Magic Scroll Boutique.
 28863 | Snake:1  | Bought a scroll of identify for 28 gold pieces
 28863 | Snake:1  | Bought a scroll of blinking for 105 gold pieces
 29952 | Snake:2  | Found Fytate's Magic Scroll Shop.
 29984 | Snake:2  | Bought a scroll of enchant armour for 105 gold pieces
 29984 | Snake:2  | Bought a scroll of enchant armour for 105 gold pieces
 29984 | Snake:2  | Bought a scroll of enchant armour for 105 gold pieces
 30294 | Snake:2  | Reached skill level 1 in Evocations
 30562 | Snake:3  | Found Egukan's Assorted Antiques.
 30775 | Snake:3  | Bought a scroll of blinking for 172 gold pieces
 30816 | Snake:3  | Noticed Vashnia
 31090 | Snake:2  | Killed Vashnia
 31554 | Snake:3  | Found Cosmetz's Self-Improvement Boutique.
 31593 | Snake:3  | Reached skill level 16 in Unarmed Combat
 31602 | Snake:3  | Identified the +8 rapier "Oluir" {flame, Str+5 Dex+3}
 31724 | Snake:3  | Lost mutation: You occasionally lose the ability to drink
                  | potions when taking damage. [potion of mutation]
 31724 | Snake:3  | Gained mutation: You possess an exceptional clarity of
                  | mind. [potion of mutation]
 31832 | Snake:3  | Reached XP level 18. HP: 150/150 MP: 3/24
 32368 | Swamp:1  | Entered Level 1 of the Swamp
 32589 | Swamp:1  | Identified the +0 scale mail "Puclodoz" {Int+3}
 32596 | Swamp:1  | Identified the +3 trident "Fini" {holy, rPois}
 33555 | Swamp:3  | Identified the +3 leather armour of Gluttony {rElec rCorr}
 33902 | Swamp:4  | Entered Level 4 of the Swamp
 33909 | Swamp:4  | Identified the staff "Kotat" {+Blink Fly rC+ rN+ Summ Ice}
 34514 | Swamp:4  | Reached skill level 10 in Invocations
 34837 | Swamp:4  | Noticed Bai Suzhen
 35188 | Swamp:3  | Killed Bai Suzhen
 35545 | Swamp:4  | Got a decaying rune of Zot
 35735 | Snake:4  | Entered Level 4 of the Snake Pit
 35947 | Snake:4  | Gained mutation: You are completely covered in rugged brown
                  | scales. (AC +3, +7% HP) [demonic ancestry]
 35947 | Snake:4  | Reached XP level 19. HP: 125/161 MP: 3/26
 36036 | Snake:4  | Reached skill level 5 in Evocations
 36111 | Snake:4  | Found a frozen archway.
 36123 | Snake:4  | Reached skill level 17 in Unarmed Combat
 36131 | IceCv    | Entered an ice cave
 36543 | IceCv    | Identified the +1 pair of boots "Uhiles" {rN+ Will+ Dex-3}
 36571 | IceCv    | Identified the ring "Eroyxear" {rC+ Will+ Slay+2}
 37914 | Snake:4  | Got a serpentine rune of Zot
 38582 | Vaults:1 | Entered Level 1 of the Vaults
 39160 | Vaults:1 | Paralysed by a formless jellyfish for 1 turns
 39252 | Vaults:1 | Reached skill level 10 in Shapeshifting
 39431 | Vaults:1 | Paralysed by a formless jellyfish for 1 turns
 39558 | Vaults:1 | Found Eddas's Distillery.
 39568 | Vaults:1 | Bought a potion of heal wounds for 75 gold pieces
 39568 | Vaults:1 | Bought a potion of heal wounds for 75 gold pieces
 39568 | Vaults:1 | Bought a potion of heal wounds for 75 gold pieces
 39568 | Vaults:1 | Bought a potion of mutation for 120 gold pieces
 39568 | Vaults:1 | Bought a potion of haste for 150 gold pieces
 39755 | Vaults:1 | Gained mutation: A powerful demonic guardian rushes to your
                  | aid. [demonic ancestry]
 39755 | Vaults:1 | Reached XP level 20. HP: 168/171 MP: 2/28
 39883 | Vaults:2 | Identified the +7 war axe of the Rescuing Gods {flame,
                  | rPois Int-3 SInv}
 39961 | Vaults:2 | Found a flickering gateway to a bazaar.
 40072 | Bazaar   | Entered a bazaar
 40086 | Bazaar   | Found Qobon's Distillery.
 40086 | Bazaar   | Found Xurotzoe's Book Emporium.
 40121 | Bazaar   | Found Himos's Armour Shoppe.
 40121 | Bazaar   | Found Afrotyxo's Magic Scroll Emporium.
 40132 | Bazaar   | Bought a scroll of blinking for 45 gold pieces
 40132 | Bazaar   | Bought a scroll of teleportation for 18 gold pieces
 40132 | Bazaar   | Bought a scroll of teleportation for 18 gold pieces
 40194 | Bazaar   | Bought a potion of haste for 140 gold pieces
 40194 | Bazaar   | Bought 2 potions of mutation for 224 gold pieces
 40194 | Bazaar   | Bought a potion of might for 56 gold pieces
 40194 | Bazaar   | Bought a potion of berserk rage for 70 gold pieces
 40325 | Vaults:2 | Reached skill level 18 in Unarmed Combat
 41537 | Vaults:3 | Reached skill level 15 in Fighting
 42110 | Vaults:3 | HP: 3/157 [vault guard/+0 war axe[a vault warden] (11)]
 42410 | Vaults:3 | Found Wovapusm's Antique Weapon Shop.
 42427 | Vaults:3 | Reached XP level 21. HP: 165/170 MP: 1/30
 42488 | Vaults:3 | Found a staircase to the Crypt.
 42551 | Vaults:3 | Paralysed by a formless jellyfish for 1 turns
 43192 | Vaults:4 | Reached skill level 19 in Unarmed Combat
 43286 | Vaults:4 | Found Hucy's Magic Scroll Shop.
 43294 | Vaults:4 | Bought a scroll of teleportation for 51 gold pieces
 43294 | Vaults:4 | Bought a scroll of revelation for 127 gold pieces
 44347 | Elf:1    | Entered Level 1 of the Elven Halls
 44348 | Elf:1    | Paralysed by an air elemental for 1 turns
 44414 | Elf:1    | Identified the amulet "Gaxuagg" {Faith +Blink rN+ Will-
                  | MP+9}
 44849 | Elf:1    | Found Wiwi's Magic Scroll Boutique.
 44856 | Elf:1    | Bought a scroll of enchant armour for 105 gold pieces
 44856 | Elf:1    | Bought a scroll of enchant armour for 105 gold pieces
 44856 | Elf:1    | Bought a scroll of teleportation for 42 gold pieces
 45288 | Elf:1    | Got Iklikkett's Monograph on Left-Handed Acts
 45689 | Elf:2    | Paralysed by an air elemental for 1 turns
 45835 | Elf:2    | Paralysed by an air elemental for 1 turns
 46048 | Elf:2    | Paralysed by an air elemental for 1 turns
 46050 | Elf:2    | Paralysed by an air elemental for 1 turns
 46175 | Elf:3    | Entered Level 3 of the Elven Halls
 46348 | Elf:2    | Paralysed by an air elemental for 1 turns
 46352 | Elf:1    | Paralysed by an air elemental for 1 turns
 47086 | Elf:2    | Identified the death talisman of Zoosunu Sise {rF+ rC+}
 47156 | Elf:2    | Found a runed translucent gate.
 47157 | Elf:2    | Found a runed translucent gate.
 47157 | Elf:2    | Found a runed translucent gate.
 47298 | Elf:2    | Reached XP level 22. HP: 155/188 MP: 3/31
 47842 | Elf:3    | Found Waics's Antique Armour Shop.
 48239 | Elf:3    | Paralysed by an air elemental for 1 turns
 48269 | Elf:3    | Found a radiant altar of Vehumet.
 49360 | Elf:3    | Reached skill level 20 in Unarmed Combat
 49377 | Elf:3    | Reached skill level 15 in Armour
 49624 | Elf:3    | Identified the staff of the Threshing Gods {^Fragile Fly
                  | rC+ Int+3 Ice}
 49624 | Elf:3    | Identified the +8 war axe of the Doomed Warrior {freeze,
                  | +Blink rF- Str+6}
 49624 | Elf:3    | Identified the amulet of Darkness {RegenMP rF- Str+5 Int+4}
 49624 | Elf:3    | Identified the staff "Otumn" {^Drain rPois rF- Str+6 Dex+9
                  | Alchemy}
 50162 | Elf:3    | Identified the +4 longbow of Wrongful Imprisonment {heavy,
                  | Int+3}
 50309 | Elf:3    | Identified the +1 scale mail "Zoocen" {rPois rN++}
 50334 | Elf:3    | Identified the +2 flail of Makhleb's Indignation {spect,
                  | rElec rN+++ Str-5 Dex-3}
 50336 | Elf:3    | Identified the +7 sling "Ogunul" {freeze, rC+ SInv}
 50342 | Elf:3    | Identified the +6 pearl dragon scales of Stained Life {+Inv
                  | rPois rN+}
 50444 | Elf:3    | Identified the +2 ring mail of Tenacity {Int+2 Stlth+}
 50513 | Elf:3    | Got Comnag's Essays on Attacks and Causimancy
 50793 | Depths:1 | Entered Level 1 of the Depths
 50946 | Depths:1 | Found a shadowy altar of Dithmenos.
 50968 | Depths:1 | Noticed Louise
 50985 | Depths:1 | Killed Louise
 50986 | Depths:1 | Found a one-way gate to the infinite horrors of the Abyss.
 51009 | Depths:1 | Found a flickering gateway to a bazaar.
 51027 | Bazaar   | Entered a bazaar
 51043 | Bazaar   | Found Fayjec's Armour Shoppe.
 51044 | Bazaar   | Found Wyxay's Antique Weapon Shoppe.
 51089 | Bazaar   | Found Atirgha's General Store.
 51089 | Bazaar   | Found Pupheowkog's Magic Scroll Emporium.
 51097 | Bazaar   | Bought a scroll of blinking for 97 gold pieces
 51111 | Bazaar   | Bought a scroll of teleportation for 39 gold pieces
 51111 | Bazaar   | Bought a scroll of teleportation for 39 gold pieces
 51132 | Bazaar   | Bought a +0 cloak of preservation for 172 gold pieces
 51429 | Depths:1 | Found a hazy altar of Hepliaklqana.
 51677 | Depths:1 | Found a gateway to Hell.
 52623 | Depths:2 | Found Ummiuqishre's Jewellery Shoppe.
 52624 | Depths:2 | Found Jiovveu's Book Shop.
 52624 | Depths:2 | Found Icaokui's Book Shop.
 52723 | Depths:2 | Found a one-way gate leading to the halls of Pandemonium.
 52771 | Depths:2 | Gained mutation: Your melee attacks may debilitate your
                  | foes. [demonic ancestry]
 52771 | Depths:2 | Reached XP level 23. HP: 176/199 MP: 5/32
 53099 | Depths:3 | Found Astruom's Magic Scroll Emporium.
 53118 | Depths:3 | Reached skill level 15 in Shields
 53211 | Depths:3 | Found a magical portal.
 53220 | WizLab   | Entered Tukima's Studio
 53655 | WizLab   | Noticed inmateoo's illusion
 53670 | WizLab   | Identified the +1 cloak "Cugi" {Int+2 SInv}
 53750 | Depths:3 | Bought a scroll of blinking for 172 gold pieces
 53750 | Depths:3 | Bought a scroll of teleportation for 69 gold pieces
 53750 | Depths:3 | Bought a scroll of teleportation for 69 gold pieces
 53750 | Depths:3 | Bought a scroll of fear for 92 gold pieces
 53892 | Depths:3 | Noticed a caustic shrike
 53910 | Depths:3 | Killed a caustic shrike
 53928 | Depths:3 | Reached skill level 15 in Dodging
 54634 | Depths:3 | Found a runed translucent door.
 54963 | Depths:3 | Found a runed translucent door.
 55008 | Depths:3 | Identified the ring of Pomaet {rC+ Dex+5 Slay+3}
 55023 | Depths:3 | Identified the ring of Qekluack {*Corrode rElec rF+++ rC-
                  | rN+}
 55026 | Depths:3 | Identified the ring "Raokeruth" {rPois rN+ Will+++ rCorr
                  | Int-2}
 55033 | Depths:3 | Identified the amulet "Zishrown" {Faith rF+ Will+ Dex+6}
 55097 | Depths:3 | Found an ornate altar of the Wu Jian Council.
 55524 | Depths:4 | Entered Level 4 of the Depths
 55547 | Depths:4 | Found a one-way gateway to a ziggurat.
 55656 | Depths:4 | Reached skill level 21 in Unarmed Combat
 56550 | Depths:4 | Reached XP level 24. HP: 175/208 MP: 14/32
 56618 | Depths:4 | Found a gate to the Realm of Zot.
 57240 | Depths:4 | Upgraded the game from 0.31-a0-1529-g7bd419a0e5 to
                  | 0.31-a0-1570-g93c622d222
 57555 | Crypt:1  | Entered Level 1 of the Crypt
 58261 | Crypt:1  | Paralysed by something for 3 turns
 58510 | Crypt:1  | Identified the +0 long sword "Pogasuag" {drain, ^Fragile
                  | rElec rN+++ Will+++}
 59730 | Crypt:1  | Got Sif Muna's Catalogue of the Ghoulish Boggart
 59731 | Crypt:1  | Identified the +1 scale mail "Culuytt" {rF+ rN+ Str-5
                  | Int+3}
 59735 | Crypt:1  | Identified the +0 orcbow of Severance {drain, Str+4}
 60162 | Crypt:2  | Found a shimmering blue altar of Sif Muna.
 60169 | Crypt:2  | Identified the +3 broad axe "Spiderbane" {freeze, Dex+3}
 60174 | Crypt:2  | Identified the amulet of the Gloaming {RegenMP rN+ Regen+}
 61284 | Crypt:3  | Entered Level 3 of the Crypt
 61780 | Crypt:3  | Reached skill level 15 in Shapeshifting
 62001 | Crypt:3  | Found a basalt altar of Yredelemnul.
 62001 | Crypt:3  | Noticed a dread lich
 62008 | Crypt:3  | Killed a dread lich
 62170 | Crypt:3  | Identified the +8 great sword of Gozag, Devouring {drain,
                  | rC+ Str+5}
 62249 | Crypt:3  | Identified the ring of the Invisible Hand {rN+ Str+3 Dex+2}
 62249 | Crypt:3  | Identified the ring "Zegilu" {rN+ Int+3}
 62359 | Crypt:3  | Reached skill level 22 in Unarmed Combat
 62560 | Crypt:3  | Found a staircase to the Tomb.
 63049 | Vaults:5 | Entered Level 5 of the Vaults
 63174 | Vaults:4 | Gained mutation: You are surrounded by an aura of silence.
                  | [demonic ancestry]
 63174 | Vaults:4 | Reached XP level 25. HP: 212/218 MP: 2/32
 63269 | Vaults:4 | HP: 3/218 [storm dragon/bolt of lightning (37)]
 63603 | Vaults:5 | Noticed an ancient lich
 63906 | Vaults:4 | Killed an ancient lich
 64053 | Vaults:5 | Identified the amulet "Keyff" {RegenMP rC+ Dex+3}
 64270 | Vaults:4 | HP: 1/218 [stone giant/large rock (17)]
 64664 | Vaults:5 | Noticed an ancient lich
 64694 | Vaults:4 | Killed an ancient lich
 65245 | Vaults:5 | Found the +7 great mace "Undeadhunter" {deathbane, rN+}
 65797 | Vaults:5 | Identified the +7 scimitar of a sewer {freeze, rPois rF++
                  | Str-4 Dex+3}
 65920 | Vaults:5 | Identified the +10 trident "Gram" {vamp, rC++ Str+3 Dex-3}
 66094 | Vaults:5 | Identified the +4 spear of Ignis's Displeasure {venom,
                  | Int+2}
 66097 | Vaults:5 | Identified the +3 short sword of the Lurker {flame,
                  | ^Fragile Fly rElec rF+++}
 66099 | Vaults:5 | Got Punees's Monograph on the Summoned Zephyr
 66101 | Vaults:5 | Got a silver rune of Zot
 66104 | Vaults:5 | Identified the +1 mace of Lilepef {distort, *Corrode rPois
                  | Will+}
 66508 | Zot:1    | Entered Level 1 of the Realm of Zot
 66608 | Zot:1    | Killed from afar by an electric golem

Illustrated notes

Levels and vault maps discovered:
D:1:      dpeg_arrival_short_road, layout_basic, serial_shops, shop,
          minmay_misc_feat_iff, chequers_serial_rivers_room_a,
          wad_woods_river_04, nicolae_figureground_pulse
D:2:      layout_basic, uniq_jessica
D:3:      layout_loops_corners, gammafunk_temple_overflow_statue
D:4:      layout_basic
D:5:      layout_cave_pools, minmay_misc_feat_pillars, lemuel_flamethrower_2
D:6:      layout_rooms, minmay_temple_entry_tees, serial_shops, shop
D:7:      layout_loops_ring, minmay_tree_intersection, minmay_misc_feat_roman
D:8:      lemuel_slime, layout_gridville, nzn_ghost_randoct
D:9:      layout_small_grid, chequers_temple_overflow_statue_of_worship,
          hiddenorc2_lemuel, kennysheep_small_square
D:10:     layout_loops_ring
D:11:     layout_gridville, lair_entry_dummy, gauntlet_entry_generic
D:12:     layout_cave_pools, uniq_josephine
D:13:     doesnt_quadruple_sword, layout_loops_corners,
          skrybe_vaults_entry_preservation, trog_three_pillars_becter
D:14:     layout_small_grid, okawaru_gym_becter, slow_altar_1
D:15:     hangedman_depths_entry_try_elsewhere_first, layout_basic,
          serial_undead, serial_undead_b, serial_undead_d, serial_undead_e,
          serial_undead_d, nemelex_spade_bored_becter
Temple:   mainiacjoe_temple_bowtie_tessellation
Lair:1:   layout_layer_cave
Lair:2:   nzn_winding_woodlands_stair_trap [nzn_winding_woodlands_5x15_sawtooth,
          nzn_winding_woodlands_5x15_twine, nzn_winding_woodlands_5x15_pockets,
          nzn_winding_woodlands_15x15_killbox,
          nzn_winding_woodlands_5x15_lazy_stream,
          nzn_winding_woodlands_5x15_pathside_ponds,
          nzn_winding_woodlands_5x15_zeroes], layout_long_grid, uniq_gastronok
Lair:3:   layout_long_grid, swamp_mist_pool, minmay_snake_entry_guardpost_small,
          nicolae_volcano_entry_lava_flow, uniq_amaemon
Lair:4:   nzn_motion_control, layout_cave_pods, serial_rivers,
          chequers_serial_rivers_micro_e, chequers_serial_rivers_micro_b,
          chequers_serial_rivers_large_a, chequers_serial_rivers_small_3,
          chequers_serial_rivers_small_b, chequers_serial_rivers_small_3
Lair:5:   due_jungle_book, layout_concentric_octagons,
          minmay_slime_entry_pillars, serial_bayou_pond_c, uniq_sonja
Swamp:1:  layout_falls_marsh, evilmike_swamp_ruin_house_5, grunt_hermit_hut
Swamp:2:  layout_falls_marsh, evilmike_swamp_ruin_house_1
Swamp:3:  layout_falls_marsh, nicolae_swamp_orc_logging_accident
Swamp:4:  swamp_fiery, layout_basic_swamp, nicolae_swamp_fairy_circle,
          swamp_pool_5, uniq_bai_suzhen
Snake:1:  layout_layer_cave, serial_shops, shop, minmay_shop_star
Snake:2:  layout_grid_maze, serial_shops, nicolae_shop_advertising_works
          [nicolae_subvault_shop_adworks], nicolae_triple_integral
Snake:3:  layout_cave_town, serial_shops, nicolae_shop_overgrown_old_shop,
          drop_trap, nicolae_shop_self_help, uniq_vashnia
Snake:4:  minmay_snake_end_coiled, layout_layer_cave,
          portal_ice_cave_entry_ice_simulacra
Orc:1:    layout_caves
Orc:2:    grunt_orc_gardens, layout_caves, grunt_orc_garden, grunt_orc_garden,
          grunt_orc_garden, grunt_orc_garden
Elf:1:    minmay_elf_arrival_circle, layout_onion_city, serial_shops, shop,
          minmay_elf_necromancy, uniq_louise
Elf:2:    nicolae_elf_blades_crystal_corner, layout_loops_cross
Elf:3:    elf_hall, layout_loops_corners, basic_altar, serial_shops, shop
Vaults:1: vaults_room_semicircle, v_misc_32, vaults_mumra_hex,
          vaults_dpeg_emergency_exit, v_rooms_1, nicolae_vaults_rhombus_7,
          vaults_dpeg_hooks, layout_vaults_quadrants, serial_shops, shop
Vaults:2: hangedman_vaults_stitches, nicolae_vaults_what_the_h,
          ontoclasm_vaults_ligature, nicolae_vaults_diagonal_hallway_6,
          nicolae_vaults_border_crossing, nicolae_vaults_inception_corners,
          vaults_mumra_chevron, nicolae_vaults_more_shelving_1,
          grunt_vaults_diagonal, v_misc_30, ontoclasm_vaults_pinch, v_misc_24,
          vaults_dpeg_cross, ontoclasm_vaults_idyll, layout_vaults_omnibox,
          serial_shops, bzr_entry_safe
Vaults:3: hangedman_vaults_maws, v_misc_22, nicolae_vaults_three_branches,
          nicolae_vaults_arrows, hangedman_vaults_slice,
          minmay_crypt_entry_vampire_xt, nicolae_vaults_house_2,
          nicolae_vaults_little_guard_posts, vaults_room_large_hall,
          ontoclasm_vaults_eye, nicolae_vaults_windows_and_doors_thing,
          layout_vaults_maze, serial_shops, shop
Vaults:4: nicolae_vaults_trapezoid_lopsided_4, nicolae_vaults_network_square,
          v_rooms_3, vaults_room_grunt_arrival_ludios, hangedman_vaults_slice,
          nicolae_vaults_shrinking_rooms_1, nicolae_vaults_mitosis,
          ontoclasm_vaults_twist, vaults_room_door_ring,
          nicolae_vaults_circle_grid_a, layout_vaults_omnicross, serial_shops,
          nicolae_shop_getting_attention
Vaults:5: serial_shops
Crypt:1:  statuecave_lemuel, layout_misc_corridors, grunt_crypt_arrival_split,
          uniq_josephina
Crypt:2:  layout_regular_city, hangedman_summoners_spam
Crypt:3:  cryptofortress_bobbens
Depths:1: layout_gridlike, grunt_dithmenos_smoke,
          nicolae_abyss_entry_one_way_or_another, lightli_too_deep,
          serial_shops, bzr_entry_lakeside, worldfamousw_hep_ancestral_shrine,
          serial_bayou_shore_b
Depths:2: dreamdust_experimentation, layout_gridlike, amcnicky_mini_pool_small,
          pf_coc_iceberg, pan_entry, infiniplex_staircase_zigzag_5,
          minmay_shop_grove
Depths:3: minmay_the_grid_triangle_9x9_recursive_3_mashed
          [minmay_the_grid_triangle_9x9_windchime,
          minmay_the_grid_triangle_9x9_longest,
          minmay_the_grid_triangle_9x9_thin_v,
          minmay_the_grid_triangle_9x9_prize_special,
          minmay_the_grid_triangle_9x9_odd_lines,
          minmay_the_grid_triangle_9x9_checkered,
          minmay_the_grid_triangle_9x9_zippers_horizontal,
          minmay_the_grid_triangle_9x9_tough_junction,
          minmay_the_grid_triangle_9x9_sprig], layout_basic,
          pf_hell_entry_great_geh, abyss_entry, mu_enter_wizlab_3,
          nicolae_elyvilon_peaceful_grove, serial_shops,
          nicolae_shop_gibbet_a_chance, drop_trap,
          nicolae_wu_jian_glorious_leap, infiniplex_staircase_zigzag_1
Depths:4: grunt_runaround [grunt_runaround_zot, grunt_runaround_doors_1,
          grunt_runaround_doors_2, grunt_runaround_doors_3,
          grunt_runaround_doors_4], hell_entry, abyss_entry
Zot:1:    layout_concentric_octagons, bh_zot_lava_cross,
          regret_index_zotdec_twisting_globes

Skill      XL: |  1  2  3  4  5  6  7  8  9 10 11 12 13 14 15 16 17 18 19 20 21 22 23 24 25 |
---------------+----------------------------------------------------------------------------+-----
Unarmed Combat | 2 3 4 5 6 7 9 10 11 12 13 15 16 17 18 19 20 21 22 | 22.0
Shields        | 3 4 5 6 7 8 9 10 11 12 13 14 15 16 | 16.0
Armour         | 3 4 5 6 7 8 9 10 11 12 13 14 15 16 17 | 17.0
Dodging        | 1 2 3 4 5 6 7 8 9 10 11 12 13 14 15 16 | 16.0
Fighting       | 4 5 6 7 8 9 10 11 12 13 14 15 16 17 18 | 18.0
Invocations    | 2 4 6 8 10 11 12 | 12.0
Shapeshifting  | 2 3 5 6 7 8 9 10 11 12 14 15 18 | 18.7
Evocations     | 2 4 5 |  5.0

Action                     |  1- 3 |  4- 6 |  7- 9 | 10-12 | 13-15 | 16-18 | 19-21 | 22-24 | 25-27 || total
---------------------------+-------+-------+-------+-------+-------+-------+-------+-------+-------++-------
  Melee: Unarmed           |   177 |   269 |   614 |   811 |   924 |  1920 |  1717 |  2099 |   529 ||  9060
         Kick              |       |       |       |    15 |   416 |   790 |   835 |  1037 |   288 ||  3381
 Invoke: Greater Servant o |       |       |       |       |     1 |       |       |       |       ||     1
  Evoke: Wand              |     4 |     1 |    11 |    23 |     5 |     1 |       |       |       ||    45
         Condenser vane    |       |       |       |     2 |       |       |       |       |       ||     2
    Use: Scroll            |     4 |     5 |     5 |     7 |     5 |    15 |     6 |     5 |     5 ||    57
         Potion            |       |     2 |       |     2 |     1 |     2 |     4 |     3 |     1 ||    15
   Stab: Distracted        |       |       |       |     1 |     2 |     6 |     4 |     4 |     2 ||    19
         Petrified         |       |       |       |       |       |     1 |       |       |       ||     1
         Confused          |       |       |       |       |       |     1 |       |     1 |       ||     2
 Armour: Scale mail        |    67 |    93 |   126 |       |       |       |       |       |       ||   286
         Chain mail        |       |       |   132 |   240 |       |       |       |       |       ||   372
         Storm dragon scal |       |       |       |   360 |   511 |   498 |       |       |       ||  1369
         Skin              |       |       |       |    36 |       |       |       |       |       ||    36
         Gold dragon scale |       |       |       |       |       |   793 |  1171 |  1439 |   585 ||  3988
  Dodge: Dodged            |    55 |    64 |   159 |   329 |   182 |   476 |   250 |   388 |   180 ||  2083
  Block: Buckler           |    35 |   130 |   376 |   654 |   191 |       |       |       |       ||  1386
         Kite shield       |       |       |       |       |   583 |  1143 |       |       |       ||  1726
         Tower shield      |       |       |       |       |       |  1632 |  2452 |  2547 |   727 ||  7358

Table legend: (Time is in decaauts)
 A = Elapsed time spent in this place.
 B = Non-inter-level travel time spent in this place.
 C = Inter-level travel time spent in this place.
 D = Time resting spent in this place.
 E = Time spent auto-exploring this place.
 F = Levels seen in this place.
 G = Mean time per level.
                   A        B        C        D        E       F      G
               +--------+--------+--------+--------+--------+-----+--------+
         Total |  65505 |  60871 |   4634 |  17130 |  27478 |  53 | 1235.9 |
       Dungeon |  17885 |  16757 |   1128 |   4719 |   7269 |  15 | 1192.3 |
        Temple |     76 |     20 |     56 |      0 |      0 |   1 |   76.0 |
          Lair |   7830 |   7333 |    497 |   1758 |   3946 |   5 | 1566.0 |
         Swamp |   3437 |   3259 |    178 |    828 |   1604 |   4 |  859.2 |
     Snake Pit |   6565 |   6122 |    443 |   1836 |   2822 |   4 | 1641.2 |
  Orcish Mines |   1118 |    954 |    164 |     44 |    675 |   2 |  559.0 |
   Elven Halls |   6200 |   5998 |    202 |   3061 |   1820 |   3 | 2066.7 |
        Vaults |   8859 |   7723 |   1136 |   1350 |   4126 |   5 | 1771.8 |
         Crypt |   4580 |   4421 |    159 |   1583 |   1618 |   3 | 1526.7 |
        Depths |   6157 |   5489 |    668 |   1158 |   2776 |   4 | 1539.2 |
           Zot |     81 |     81 |      0 |      0 |     11 |   1 |   81.0 |
        Bazaar |    279 |    279 |      0 |      0 |    159 |   2 |  139.5 |
      Ice Cave |    485 |    485 |      0 |     27 |    238 |   1 |  485.0 |
       Volcano |    645 |    645 |      0 |    368 |     58 |   1 |  645.0 |
        Wizlab |    473 |    473 |      0 |    246 |     82 |   1 |  473.0 |
      Gauntlet |    828 |    828 |      0 |    150 |    271 |   1 |  828.0 |
               +--------+--------+--------+--------+--------+-----+--------+

Top non-repeatable levels by time:
   Elf:3: 2703 daAuts
Vaults:4: 2476 daAuts
   Elf:1: 2423 daAuts
     D:8: 2333 daAuts
  Lair:4: 2185 daAuts
    D:13: 2045 daAuts
Vaults:3: 2003 daAuts
 Crypt:1: 1782 daAuts
 Snake:4: 1764 daAuts
 Snake:2: 1741 daAuts
Depths:3: 1733 daAuts
Depths:4: 1697 daAuts
 Snake:1: 1612 daAuts
Vaults:1: 1552 daAuts
 Crypt:3: 1519 daAuts
